Capitals vs Coyotes
Created - March 13, 2020 at 19:39
Goals
|
Capitals |
5 |
0 |
1 |
6 |
Coyotes |
0 |
1 |
1 |
2 |
|
Shots
|
Capitals |
14 |
2 |
10 |
26 |
Coyotes |
11 |
12 |
9 |
32 |
|
1st period
1. Capitals , Nick Leddy 6 (Brian McGrattan 6, Mikko Koivu 9) at 1:02
2. Capitals , Joe Pavelski 18 (Patrick Sharp 18) at 6:35
3. Capitals , Jason Pominville 16 (Brent Burns 21, Joe Thornton 35) at 6:43
4. Capitals , Brian McGrattan 4 (Mikko Koivu 10, Ryan Getzlaf 14) at 15:37
5. Capitals , Ryan Getzlaf 10 (Brent Burns 22, Patrick Sharp 19) at 16:01
Penalties :
Kristopher Letang (Ari) for Fighting (Major) at 16:08, Thomas Vanek (Was) for Fighting (Major) at 16:08
2nd period
6. Coyotes , Martin Samuelsson 7 (Kristopher Letang 22, Jamie Arniel 15) at 7:43
Penalties :
Joe Pavelski (Was) for Hooking (Minor) at 4:35, Brian McGrattan (Was) for Interference (Minor) at 12:41, Evgeny Artyukhin (Ari) for Fighting (Major) at 18:36, Peter Worrell (Was) for Fighting (Major) at 18:36, Nazem Kadri (Ari) for Holding (Minor) at 18:58
3rd period
7. Coyotes , Evgeny Artyukhin 11 (Jamie Arniel 16, Marian Gaborik 27) at 13:58
8. Capitals , Peter Worrell 8 (Mikko Koivu 11, Brian McGrattan 7) at 16:58
Penalties :
Nick Leddy (Was) for Tripping (Minor) at 9:15, Mikko Koivu (Was) for Holding (Minor) at 11:50, Brad Richards (Ari) for Cross-checking (Minor) at 19:52
Goalie Stats
Mike Smith (Was), 30 saves from 32 shots - (0.938), W, 9-10-3, 60:00 minutes
Maxime Daigneault (Ari), 6 saves from 10 shots - (0.600), L, 20-15-2, 15:37 minutes
Thomas McCollum (Ari), 14 saves from 16 shots - (0.875), 44:23 minutes
Players Stats for Capitals
Player Name G A P +/- PIM S H SB GA TA FO MP PP MP PK MP
------------------------------------------------------------------------------------
Brent Burns 0 2 2 2 0 3 2 2 1 0 0/0 25:24 1:19 3:55
Brian McGrattan 1 2 3 2 2 4 2 0 0 0 0/1 14:04 0:00 1:09
Jason Pominville 1 0 1 1 0 2 2 0 1 0 0/0 20:47 1:15 3:58
Jeff Skinner 0 0 0 0 0 0 0 0 0 0 0/0 4:00 0:00 0:00
Joe Pavelski 1 0 1 1 2 2 1 0 0 1 0/0 18:23 0:51 2:11
Joe Thornton 0 1 1 1 0 3 3 0 0 0 15/36 25:24 1:15 3:52
Josh Manson 0 0 0 2 0 0 1 1 0 0 0/0 14:46 0:00 0:00
Justin Faulk 0 0 0 0 0 2 2 1 2 2 0/0 19:50 0:47 4:01
Mikko Koivu 0 3 3 2 2 2 1 0 0 0 3/6 13:24 0:00 0:26
Nick Leddy 1 0 1 2 2 2 1 1 1 1 0/0 15:07 0:00 0:00
Ondrej Palat 0 0 0 -1 0 1 0 0 0 0 0/0 7:59 0:00 1:35
Patrick Sharp 0 2 2 1 0 1 0 1 1 0 0/0 16:10 0:51 0:00
Pernell Karl Subban 0 0 0 2 0 1 0 1 2 1 0/0 25:24 1:19 3:55
Peter Worrell 1 0 1 3 5 1 0 1 0 0 0/0 11:50 0:00 0:03
Ryan Getzlaf 1 1 2 1 0 2 1 0 0 0 4/12 16:10 0:51 0:00
Ryan Suter 0 0 0 0 0 0 4 1 0 0 0/0 19:50 0:47 4:01
T.J. Oshie 0 0 0 0 0 0 1 0 0 0 0/0 6:09 0:00 0:00
Thomas Vanek 0 0 0 1 5 0 2 0 1 0 3/4 17:17 1:15 2:38
Players Stats for Coyotes
Player Name G A P +/- PIM S H SB GA TA FO MP PP MP PK MP
------------------------------------------------------------------------------------
Andrew MacDonald 0 0 0 -2 0 0 0 1 0 1 0/0 8:35 0:00 0:49
Anton Stralman 0 0 0 -1 0 0 0 1 1 1 0/0 19:39 0:00 1:17
Brad Richards 0 0 0 -1 2 1 3 1 1 0 12/14 19:41 3:59 0:34
Chris Stewart 0 0 0 -1 0 1 1 1 0 0 0/1 19:00 3:59 0:00
Evgeny Artyukhin 1 0 1 1 5 4 1 0 0 0 0/0 12:55 0:12 0:00
Jamie Arniel 0 2 2 1 0 4 2 1 0 0 6/9 15:08 0:23 1:32
Josh Gorges 0 0 0 -2 0 0 0 1 0 0 0/0 15:43 0:00 1:17
Kristopher Letang 0 1 1 -1 5 2 2 3 1 3 0/0 22:57 4:10 0:00
Marian Gaborik 0 1 1 -4 0 2 2 0 0 2 1/2 24:16 3:34 0:00
Martin Samuelsson 1 0 1 1 0 5 0 0 1 0 1/1 14:50 0:12 1:36
Matt Donovan 0 0 0 -1 0 0 1 0 0 0 0/0 15:50 3:46 0:00
Michael Del Zotto 0 0 0 0 0 1 1 2 0 1 0/0 19:54 4:10 0:00
Nazem Kadri 0 0 0 -3 2 3 0 1 0 0 12/27 19:02 3:45 0:00
Nick Bonino 0 0 0 -1 0 0 1 0 1 0 2/4 7:11 0:00 0:00
Ramzi Abid 0 0 0 -1 0 1 1 0 0 0 0/0 7:44 0:00 0:09
Thomas Hickey 0 0 0 -1 0 1 0 0 0 1 0/0 17:41 3:46 0:49
Tyler Ennis 0 0 0 -3 0 3 0 2 0 0 0/1 18:39 3:45 0:00
Zach Parise 0 0 0 -1 0 4 3 0 0 0 0/0 19:05 3:59 0:21
3 Stars
1 - Brian McGrattan (Was)
2 - Ryan Getzlaf (Was)
3 - Brent Burns (Was)
Power Play
Capitals - 0 on 2 Attempt(s) - 0.00%
Coyotes - 0 on 4 Attempt(s) - 0.00%
Penalty Kill
Capitals - 4 on 4 Attempt(s) - 100.00%
- Score 0 goal in Penalty Kill
Coyotes - 2 on 2 Attempt(s) - 100.00%
- Score 0 goal in Penalty Kill
Team Stat
Capitals - Hits : 23 - Faceoff Wins : 25 - Blocked Shots : 9 - Penalty Minutes : 18
Coyotes - Hits : 18 - Faceoff Wins : 34 - Blocked Shots : 14 - Penalty Minutes : 14
Official
Referees : Unknown
Linesman : Unknown
Game Notes
Thomas McCollum enters game at 15:37 of 1st period
Kristopher Letang and Thomas Vanek fight to a draw at 16:08 of 1st period
Evgeny Artyukhin and Peter Worrell fight to a draw at 18:36 of 2nd period
Finance
Level 1 -- Attendance: 5698 (94.97%) -- Ticket Income $598,290
Level 2 -- Attendance: 4367 (87.34%) -- Ticket Income $296,956
Level 3 -- Attendance: 1813 (90.65%) -- Ticket Income $72,520
Level 4 -- Attendance: 2956 (73.90%) -- Ticket Income $88,680
Luxury Box -- Attendance: 1000 (100.00%) -- Ticket Income $180,000
Game was played at the The Pack Center.
Total Attendance: 15834 (87.97%)
Total Ticket Income: $1,236,446
Other Income: $185,467
Total Income: $1,421,913
Capitals
5 vs 5 Forward
Center Left Wing Right Wing Time % Phy DF OF
1 Joe Thornton Thomas Vanek Jason Pominville 40 1 2 2
2 Ryan Getzlaf Patrick Sharp Joe Pavelski 30 1 2 2
3 Mikko Koivu Peter Worrell Brian McGrattan 20 1 2 2
4 Joe Thornton Ondrej Palat T.J. Oshie 10 1 2 2
5 vs 5 Defense
Defense Defense Time % Phy DF OF
1 Brent Burns Pernell Karl Subban 40 1 2 2
2 Ryan Suter Justin Faulk 30 1 2 2
3 Nick Leddy Josh Manson 20 1 2 2
4 Brent Burns Pernell Karl Subban 10 1 2 2
PowerPlay Forward
Center Left Wing Right Wing Time % Phy DF OF
1 Joe Thornton Thomas Vanek Jason Pominville 60 1 2 2
2 Ryan Getzlaf Patrick Sharp Joe Pavelski 40 1 2 2
PowerPlay Defense
Defense Defense Time % Phy DF OF
1 Brent Burns Pernell Karl Subban 60 1 2 2
2 Ryan Suter Justin Faulk 40 1 2 2
Penalty Kill 4 Players Forward
Center Wing Time % Phy DF OF
1 Joe Thornton Jason Pominville 60 1 2 2
2 Thomas Vanek Joe Pavelski 40 1 2 2
Penalty Kill 4 Players Defense
Defense Defense Time % Phy DF OF
1 Brent Burns Pernell Karl Subban 60 1 2 2
2 Ryan Suter Justin Faulk 40 1 2 2
Penalty Kill - 3 Players Forward
Forward Time % Phy DF OF
1 Joe Thornton 60 1 2 2
2 Jason Pominville 40 1 2 2
Penalty Kill - 3 Players Defense
Defense Defense Time % Phy DF OF
1 Brent Burns Pernell Karl Subban 60 1 2 2
2 Ryan Suter Justin Faulk 40 1 2 2
4 vs 4 Forward
Center Wing Time % Phy DF OF
1 Joe Thornton Jason Pominville 60 1 2 2
2 Thomas Vanek Joe Pavelski 40 1 2 2
4 vs 4 Defense
Defense Defense Time % Phy DF OF
1 Brent Burns Pernell Karl Subban 60 1 2 2
2 Ryan Suter Justin Faulk 40 1 2 2
Last Minutes Offensive
Center Left Wing Right Wing Defense Defense
Joe Thornton Thomas Vanek Jason Pominville Brent Burns Pernell Karl Subban
Last Minutes Defensive
Center Left Wing Right Wing Defense Defense
Joe Thornton Thomas Vanek Jason Pominville Brent Burns Pernell Karl Subban
Goaltenders
Starting : Mike Smith
Backup : Tuukka Rask
Extra Forwards
Normal : Jeff Skinner, Mikko Koivu, Brian McGrattan - PP : Jeff Skinner, Mikko Koivu - PK : Brian McGrattan
Extra Defensemen
Normal : Nick Leddy, Josh Manson, Ryan Suter - PP : Nick Leddy - PK : Josh Manson, Ryan Suter
Penalty Shots
Joe Thornton, Jason Pominville, Thomas Vanek, Joe Pavelski, Patrick Sharp
Scratches
Ryan Nugent-Hopkins (Healthy)
Coyotes
5 vs 5 Forward
Center Left Wing Right Wing Time % Phy DF OF
1 Nazem Kadri Tyler Ennis Marian Gaborik 40 0 2 3
2 Brad Richards Zach Parise Chris Stewart 30 0 2 3
3 Jamie Arniel Martin Samuelsson Evgeny Artyukhin 20 0 2 3
4 Nick Bonino Ramzi Abid Marian Gaborik 10 0 2 3
5 vs 5 Defense
Defense Defense Time % Phy DF OF
1 Kristopher Letang Anton Stralman 40 0 3 2
2 Josh Gorges Michael Del Zotto 30 0 3 2
3 Matt Donovan Thomas Hickey 20 0 3 2
4 Andrew MacDonald Kristopher Letang 10 0 3 2
PowerPlay Forward
Center Left Wing Right Wing Time % Phy DF OF
1 Nazem Kadri Tyler Ennis Marian Gaborik 60 0 1 4
2 Brad Richards Zach Parise Chris Stewart 40 0 1 4
PowerPlay Defense
Defense Defense Time % Phy DF OF
1 Kristopher Letang Michael Del Zotto 60 0 2 3
2 Thomas Hickey Matt Donovan 40 0 2 3
Penalty Kill 4 Players Forward
Center Wing Time % Phy DF OF
1 Jamie Arniel Martin Samuelsson 60 0 3 2
2 Brad Richards Zach Parise 40 0 3 2
Penalty Kill 4 Players Defense
Defense Defense Time % Phy DF OF
1 Josh Gorges Anton Stralman 60 1 4 0
2 Andrew MacDonald Thomas Hickey 40 1 4 0
Penalty Kill - 3 Players Forward
Forward Time % Phy DF OF
1 Tyler Ennis 60 0 4 1
2 Martin Samuelsson 40 0 4 1
Penalty Kill - 3 Players Defense
Defense Defense Time % Phy DF OF
1 Kristopher Letang Anton Stralman 60 1 2 0
2 Josh Gorges Andrew MacDonald 40 1 4 0
4 vs 4 Forward
Center Wing Time % Phy DF OF
1 Tyler Ennis Marian Gaborik 60 0 2 3
2 Zach Parise Nazem Kadri 40 0 2 3
4 vs 4 Defense
Defense Defense Time % Phy DF OF
1 Kristopher Letang Anton Stralman 60 0 3 2
2 Josh Gorges Michael Del Zotto 40 0 3 2
Last Minutes Offensive
Center Left Wing Right Wing Defense Defense
Nazem Kadri Tyler Ennis Marian Gaborik Kristopher Letang Anton Stralman
Last Minutes Defensive
Center Left Wing Right Wing Defense Defense
Brad Richards Tyler Ennis Marian Gaborik Josh Gorges Anton Stralman
Goaltenders
Starting : Maxime Daigneault
Backup : Thomas McCollum
Extra Forwards
Normal : Jamie Arniel, Martin Samuelsson, Evgeny Artyukhin - PP : Jamie Arniel, Martin Samuelsson - PK : Evgeny Artyukhin
Extra Defensemen
Normal : Andrew MacDonald, Thomas Hickey, Matt Donovan - PP : Josh Gorges - PK : Thomas Hickey, Kristopher Letang
Penalty Shots
Tyler Ennis, Marian Gaborik, Zach Parise, Nazem Kadri, Brad Richards
Scratches
Mike Weber (Healthy)
% Time on Ice - Capitals
Lines # - Real PCT - Wanted PCT - Time Play
Normal Forward
1 - 32% - 40% - 15:46
2 - 31% - 30% - 15:19
3 - 25% - 20% - 12:44
4 - 12% - 10% - 6:09
Normal Defense
1 - 37% - 40% - 18:25
2 - 30% - 30% - 15:02
3 - 30% - 20% - 14:46
4 - 4% - 10% - 1:45
PP Forward
1 - 60% - 60% - 1:15
2 - 40% - 40% - 0:51
PP Defense
1 - 63% - 60% - 1:19
2 - 37% - 40% - 0:47
PK Forward
1 - 67% - 60% - 5:18
2 - 33% - 40% - 2:38
PK Defense
1 - 49% - 60% - 3:55
2 - 51% - 40% - 4:01
PK3 Forward
1 - 0% - 60%
2 - 0% - 40%
PK3 Defense
1 - 0% - 60%
2 - 0% - 40%
44 Forward
1 - 0% - 60%
2 - 0% - 40%
44 Defense
1 - 0% - 60%
2 - 0% - 40%
Last Minute Offensive - 0:00
Last Minute Defensive - 0:00
Total
Forward - 60:00
Defense - 60:00
|
% Time on Ice - Coyotes
Lines # - Real PCT - Wanted PCT - Time Play
Normal Forward
1 - 33% - 40% - 16:27
2 - 30% - 30% - 14:45
3 - 23% - 20% - 11:35
4 - 14% - 10% - 7:11
Normal Defense
1 - 39% - 40% - 19:20
2 - 31% - 30% - 15:17
3 - 23% - 20% - 11:37
4 - 7% - 10% - 3:44
PP Forward
1 - 50% - 60% - 3:57
2 - 50% - 40% - 3:59
PP Defense
1 - 53% - 60% - 4:10
2 - 47% - 40% - 3:46
PK Forward
1 - 83% - 60% - 1:45
2 - 17% - 40% - 0:21
PK Defense
1 - 61% - 60% - 1:17
2 - 39% - 40% - 0:49
PK3 Forward
1 - 0% - 60%
2 - 0% - 40%
PK3 Defense
1 - 0% - 60%
2 - 0% - 40%
44 Forward
1 - 0% - 60%
2 - 0% - 40%
44 Defense
1 - 0% - 60%
2 - 0% - 40%
Last Minute Offensive - 0:00
Last Minute Defensive - 0:00
Total
Forward - 60:00
Defense - 60:00
|
Play-by-Play
1st period
0:01 of 1st period - Joe Thornton wins face-off versus Tyler Ennis in neutral zone.
0:04 of 1st period - Kristopher Letang is hit by Jason Pominville and loses puck.
0:15 of 1st period - Wrist shot by Jason Pominville.
0:15 of 1st period - Stopped by Maxime Daigneault without a rebound.
0:16 of 1st period - Brad Richards wins face-off versus Ryan Getzlaf in Coyotes zone.
0:42 of 1st period - Josh Gorges is hit by Joe Thornton and loses puck.
0:54 of 1st period - Off-side.
0:55 of 1st period - Mikko Koivu wins face-off versus Nazem Kadri in neutral zone.
1:00 of 1st period - Snap shot by Brian McGrattan.
1:00 of 1st period - Shot Misses the Net.
1:02 of 1st period - Slapshot by Nick Leddy.
1:02 of 1st period - Goal by Nick Leddy - Capitals : 1 - Coyotes : 0.
1:03 of 1st period - Nick Bonino wins face-off versus Joe Thornton in neutral zone.
1:08 of 1st period - Slapshot by Kristopher Letang.
1:08 of 1st period - Stopped by Mike Smith with a rebound.
1:16 of 1st period - Snap shot by Marian Gaborik.
1:16 of 1st period - Stopped by Mike Smith with a rebound.
1:59 of 1st period - Snap shot by Joe Pavelski.
1:59 of 1st period - Stopped by Maxime Daigneault without a rebound.
2:00 of 1st period - Joe Thornton wins face-off versus Nazem Kadri in Coyotes zone.
2:13 of 1st period - Jason Pominville is hit by Marian Gaborik and loses puck.
3:43 of 1st period - Thomas Hickey is hit by Jason Pominville and loses puck.
4:04 of 1st period - Brian McGrattan is hit by Marian Gaborik and loses puck.
4:46 of 1st period - Off-side.
4:47 of 1st period - Brad Richards wins face-off versus Joe Thornton in neutral zone.
5:03 of 1st period - Icing by Nick Leddy.
5:04 of 1st period - Nazem Kadri wins face-off versus Joe Thornton in Capitals zone.
5:15 of 1st period - Snap shot by Nazem Kadri.
5:15 of 1st period - Stopped by Mike Smith with a rebound.
5:17 of 1st period - Slapshot by Marian Gaborik.
5:17 of 1st period - Shot Misses the Net.
6:14 of 1st period - Brent Burns is hit by Nick Bonino and loses puck.
6:33 of 1st period - Snap shot by Patrick Sharp.
6:33 of 1st period - Stopped by Maxime Daigneault with a rebound.
6:35 of 1st period - Snap shot by Joe Pavelski.
6:35 of 1st period - Goal by Joe Pavelski - Capitals : 2 - Coyotes : 0.
6:36 of 1st period - Joe Thornton wins face-off versus Nazem Kadri in neutral zone.
6:41 of 1st period - Slapshot by Joe Thornton.
6:41 of 1st period - Shot Misses the Net.
6:43 of 1st period - Slapshot by Brent Burns.
6:43 of 1st period - Deflect By Jason Pominville.
6:43 of 1st period - Goal by Jason Pominville - Capitals : 3 - Coyotes : 0.
6:44 of 1st period - Nazem Kadri wins face-off versus Joe Thornton in neutral zone.
7:01 of 1st period - Snap shot by Tyler Ennis.
7:01 of 1st period - Shot Hit the Post.
7:11 of 1st period - Joe Thornton is hit by Jamie Arniel and loses puck.
7:30 of 1st period - Snap shot by Joe Thornton.
7:30 of 1st period - Stopped by Maxime Daigneault with a rebound.
7:32 of 1st period - Slapshot by Pernell Karl Subban.
7:32 of 1st period - Shot Blocked by Brad Richards.
7:34 of 1st period - Wrist shot by Brent Burns.
7:34 of 1st period - Stopped by Maxime Daigneault with a rebound.
8:12 of 1st period - Wrist shot by Joe Thornton.
8:12 of 1st period - Stopped by Maxime Daigneault without a rebound.
8:13 of 1st period - Nazem Kadri wins face-off versus Ryan Getzlaf in Coyotes zone.
8:13 of 1st period - Nazem Kadri is hit by Joe Pavelski.
8:18 of 1st period - Off-side.
8:19 of 1st period - Nazem Kadri wins face-off versus Ryan Getzlaf in neutral zone.
8:22 of 1st period - Snap shot by Kristopher Letang.
8:22 of 1st period - Shot Misses the Net.
8:36 of 1st period - Off-side.
8:37 of 1st period - Jamie Arniel wins face-off versus Mikko Koivu in neutral zone.
9:24 of 1st period - Thomas Hickey is hit by T.J. Oshie and loses puck.
10:18 of 1st period - Snap shot by Marian Gaborik.
10:18 of 1st period - Deflect By Pernell Karl Subban.
10:18 of 1st period - Shot Misses the Net.
10:18 of 1st period - Puck is out of play.
10:19 of 1st period - Joe Thornton wins face-off versus Nazem Kadri in Capitals zone.
10:44 of 1st period - Joe Pavelski is hit by Kristopher Letang and loses puck.
11:22 of 1st period - Off-side.
11:23 of 1st period - Brad Richards wins face-off versus Ryan Getzlaf in neutral zone.
11:28 of 1st period - Wrist shot by Brad Richards.
11:28 of 1st period - Shot Misses the Net.
11:57 of 1st period - Snap shot by Nazem Kadri.
11:57 of 1st period - Stopped by Mike Smith without a rebound.
11:58 of 1st period - Nazem Kadri wins face-off versus Mikko Koivu in Capitals zone.
12:03 of 1st period - Slapshot by Marian Gaborik.
12:03 of 1st period - Shot Misses the Net.
12:05 of 1st period - Wrist shot by Tyler Ennis.
12:05 of 1st period - Stopped by Mike Smith with a rebound.
12:25 of 1st period - Brad Richards is hit by Brent Burns and loses puck.
12:50 of 1st period - Snap shot by Martin Samuelsson.
12:50 of 1st period - Stopped by Mike Smith with a rebound.
13:17 of 1st period - Snap shot by Marian Gaborik.
13:17 of 1st period - Shot Misses the Net.
13:19 of 1st period - Slapshot by Thomas Hickey.
13:19 of 1st period - Shot Blocked by Brent Burns.
13:23 of 1st period - Wrist shot by Tyler Ennis.
13:23 of 1st period - Stopped by Mike Smith with a rebound.
13:51 of 1st period - Icing by Michael Del Zotto.
13:52 of 1st period - Ryan Getzlaf wins face-off versus Chris Stewart in Coyotes zone.
14:05 of 1st period - Snap shot by Zach Parise.
14:05 of 1st period - Stopped by Mike Smith without a rebound.
14:06 of 1st period - Jamie Arniel wins face-off versus Joe Thornton in Capitals zone.
14:07 of 1st period - Snap shot by Martin Samuelsson.
14:07 of 1st period - Stopped by Mike Smith without a rebound.
14:08 of 1st period - Jamie Arniel wins face-off versus Joe Thornton in Capitals zone.
14:09 of 1st period - Slapshot by Anton Stralman.
14:09 of 1st period - Deflect By Jamie Arniel.
14:09 of 1st period - Stopped by Mike Smith without a rebound.
14:10 of 1st period - Joe Thornton wins face-off versus Jamie Arniel in Capitals zone.
14:15 of 1st period - Anton Stralman is hit by Joe Thornton and loses puck.
14:20 of 1st period - Wrist shot by Joe Thornton.
14:20 of 1st period - Shot Blocked by Kristopher Letang.
15:03 of 1st period - Slapshot by Brad Richards.
15:03 of 1st period - Deflect By Zach Parise.
15:03 of 1st period - Stopped by Mike Smith without a rebound.
15:04 of 1st period - Brad Richards wins face-off versus Joe Thornton in Capitals zone.
15:35 of 1st period - Wrist shot by Mikko Koivu.
15:35 of 1st period - Shot Misses the Net.
15:37 of 1st period - Snap shot by Brian McGrattan.
15:37 of 1st period - Goal by Brian McGrattan - Capitals : 4 - Coyotes : 0.
15:37 of 1st period - Thomas McCollum enters game.
15:38 of 1st period - Nazem Kadri wins face-off versus Joe Thornton in neutral zone.
15:53 of 1st period - Off-side.
15:54 of 1st period - Ryan Getzlaf wins face-off versus Nick Bonino in neutral zone.
16:01 of 1st period - Snap shot by Ryan Getzlaf.
16:01 of 1st period - Goal by Ryan Getzlaf - Capitals : 5 - Coyotes : 0.
16:02 of 1st period - Joe Thornton wins face-off versus Marian Gaborik in neutral zone.
16:07 of 1st period - Slapshot by Brent Burns.
16:07 of 1st period - Shot Blocked by Tyler Ennis.
16:08 of 1st period - Kristopher Letang and Thomas Vanek fight to a draw.
16:08 of 1st period - Penalty to Kristopher Letang for Fighting.
16:08 of 1st period - Penalty to Thomas Vanek for Fighting.
16:09 of 1st period - Nazem Kadri wins face-off versus Joe Thornton in Coyotes zone.
16:24 of 1st period - Snap shot by Marian Gaborik.
16:24 of 1st period - Shot Misses the Net.
16:44 of 1st period - Wrist shot by Mikko Koivu.
16:44 of 1st period - Stopped by Thomas McCollum with a rebound.
16:46 of 1st period - Slapshot by Brian McGrattan.
16:46 of 1st period - Stopped by Thomas McCollum without a rebound.
16:47 of 1st period - Brad Richards wins face-off versus Ryan Getzlaf in Coyotes zone.
17:14 of 1st period - Icing by Andrew MacDonald.
17:15 of 1st period - Martin Samuelsson wins face-off versus Joe Thornton in Coyotes zone.
17:28 of 1st period - Snap shot by Joe Thornton.
17:28 of 1st period - Stopped by Thomas McCollum without a rebound.
17:29 of 1st period - Nazem Kadri wins face-off versus Joe Thornton in Coyotes zone.
18:21 of 1st period - Jamie Arniel is hit by Justin Faulk and loses puck.
19:44 of 1st period - Marian Gaborik is hit by Ryan Getzlaf and loses puck.
Goals for this period are 5 for Capitals vs 0 for Coyotes.
Shots for this period are 14 for Capitals vs 11 for Coyotes.
2nd period
0:01 of 2nd period - Joe Thornton wins face-off versus Nazem Kadri in neutral zone.
0:28 of 2nd period - Slapshot by Zach Parise.
0:28 of 2nd period - Shot Blocked by Patrick Sharp.
0:36 of 2nd period - Wrist shot by Joe Pavelski.
0:36 of 2nd period - Shot Misses the Net.
1:48 of 2nd period - Thomas Hickey is hit by Joe Thornton.
2:04 of 2nd period - Mikko Koivu is hit by Evgeny Artyukhin and loses puck.
2:39 of 2nd period - Slapshot by Nick Leddy.
2:39 of 2nd period - Stopped by Thomas McCollum with a rebound.
2:45 of 2nd period - Wrist shot by Joe Thornton.
2:45 of 2nd period - Shot Misses the Net.
3:16 of 2nd period - Snap shot by Zach Parise.
3:16 of 2nd period - Stopped by Mike Smith with a rebound.
3:18 of 2nd period - Snap shot by Zach Parise.
3:18 of 2nd period - Shot Misses the Net.
3:35 of 2nd period - Jamie Arniel is hit by Ryan Suter and loses puck.
4:06 of 2nd period - Marian Gaborik is hit by Nick Leddy and loses puck.
4:13 of 2nd period - Slapshot by Pernell Karl Subban.
4:13 of 2nd period - Shot Blocked by Kristopher Letang.
4:15 of 2nd period - Snap shot by Thomas Vanek.
4:15 of 2nd period - Shot Blocked by Andrew MacDonald.
4:33 of 2nd period - Wrist shot by Brad Richards.
4:33 of 2nd period - Shot Misses the Net.
4:35 of 2nd period - Minor Penalty to Joe Pavelski for Hooking.
4:36 of 2nd period - Brad Richards wins face-off versus Joe Thornton in Capitals zone.
5:35 of 2nd period - Slapshot by Matt Donovan.
5:35 of 2nd period - Shot Misses the Net.
6:30 of 2nd period - Icing by Martin Samuelsson.
6:31 of 2nd period - Mikko Koivu wins face-off versus Jamie Arniel in Coyotes zone.
6:35 of 2nd period - Penalty to Joe Pavelski is over, Joe Pavelski is back on ice.
6:37 of 2nd period - Icing by Kristopher Letang.
6:38 of 2nd period - Jamie Arniel wins face-off versus Ryan Getzlaf in Coyotes zone.
6:49 of 2nd period - Wrist shot by Jamie Arniel.
6:49 of 2nd period - Deflect By Evgeny Artyukhin.
6:49 of 2nd period - Stopped by Mike Smith with a rebound.
6:51 of 2nd period - Slapshot by Evgeny Artyukhin.
6:51 of 2nd period - Shot Misses the Net.
7:33 of 2nd period - Snap shot by Jamie Arniel.
7:33 of 2nd period - Stopped by Mike Smith with a rebound.
7:35 of 2nd period - Wrist shot by Jamie Arniel.
7:35 of 2nd period - Shot Misses the Net.
7:37 of 2nd period - Wrist shot by Jamie Arniel.
7:37 of 2nd period - Stopped by Mike Smith with a rebound.
7:39 of 2nd period - Slapshot by Kristopher Letang.
7:39 of 2nd period - Stopped by Mike Smith with a rebound.
7:41 of 2nd period - Slapshot by Martin Samuelsson.
7:41 of 2nd period - Shot Misses the Net.
7:43 of 2nd period - Snap shot by Martin Samuelsson.
7:43 of 2nd period - Goal by Martin Samuelsson - Capitals : 5 - Coyotes : 1.
7:44 of 2nd period - Joe Thornton wins face-off versus Nazem Kadri in neutral zone.
8:15 of 2nd period - Slapshot by Zach Parise.
8:15 of 2nd period - Stopped by Mike Smith with a rebound.
8:35 of 2nd period - Slapshot by Marian Gaborik.
8:35 of 2nd period - Deflect By Ramzi Abid.
8:35 of 2nd period - Stopped by Mike Smith with a rebound.
9:38 of 2nd period - Slapshot by Matt Donovan.
9:38 of 2nd period - Shot Blocked by Justin Faulk.
9:44 of 2nd period - Slapshot by Ryan Suter.
9:44 of 2nd period - Shot Misses the Net.
10:45 of 2nd period - Joe Thornton is hit by Ramzi Abid.
11:17 of 2nd period - Zach Parise is hit by Thomas Vanek.
11:37 of 2nd period - Evgeny Artyukhin is hit by Brian McGrattan and loses puck.
12:33 of 2nd period - Backhand shot by Nick Leddy.
12:33 of 2nd period - Shot Blocked by Jamie Arniel.
12:41 of 2nd period - Minor Penalty to Brian McGrattan for Interference.
12:42 of 2nd period - Joe Thornton wins face-off versus Nazem Kadri in Capitals zone.
13:59 of 2nd period - Brad Richards is hit by Ryan Suter and loses puck.
14:13 of 2nd period - Ryan Suter is hit by Zach Parise and loses puck.
14:41 of 2nd period - Penalty to Brian McGrattan is over, Brian McGrattan is back on ice.
16:27 of 2nd period - Chris Stewart is hit by Mikko Koivu and loses puck.
16:35 of 2nd period - Icing by Brad Richards.
16:36 of 2nd period - Ryan Getzlaf wins face-off versus Nick Bonino in Coyotes zone.
17:03 of 2nd period - Slapshot by Jamie Arniel.
17:03 of 2nd period - Shot Misses the Net.
17:05 of 2nd period - Backhand shot by Evgeny Artyukhin.
17:05 of 2nd period - Shot Misses the Net.
17:07 of 2nd period - Snap shot by Jamie Arniel.
17:07 of 2nd period - Shot Blocked by Josh Manson.
17:09 of 2nd period - Wrist shot by Martin Samuelsson.
17:09 of 2nd period - Stopped by Mike Smith with a rebound.
17:29 of 2nd period - Wrist shot by Brad Richards.
17:29 of 2nd period - Stopped by Mike Smith with a rebound.
17:31 of 2nd period - Slapshot by Anton Stralman.
17:31 of 2nd period - Deflect By Zach Parise.
17:31 of 2nd period - Shot Misses the Net.
17:31 of 2nd period - Puck is out of play.
17:32 of 2nd period - Brad Richards wins face-off versus Joe Thornton in Capitals zone.
17:53 of 2nd period - Snap shot by Chris Stewart.
17:53 of 2nd period - Stopped by Mike Smith without a rebound.
17:54 of 2nd period - Ryan Getzlaf wins face-off versus Nazem Kadri in Capitals zone.
18:01 of 2nd period - Nazem Kadri is hit by Ryan Suter and loses puck.
18:08 of 2nd period - Wrist shot by Joe Pavelski.
18:08 of 2nd period - Shot Misses the Net.
18:20 of 2nd period - Ryan Suter is hit by Michael Del Zotto.
18:36 of 2nd period - Evgeny Artyukhin and Peter Worrell fight to a draw.
18:36 of 2nd period - Penalty to Evgeny Artyukhin for Fighting.
18:36 of 2nd period - Penalty to Peter Worrell for Fighting.
18:37 of 2nd period - Nazem Kadri wins face-off versus Joe Thornton in neutral zone.
18:46 of 2nd period - Snap shot by Tyler Ennis.
18:46 of 2nd period - Stopped by Mike Smith with a rebound.
18:58 of 2nd period - Minor Penalty to Nazem Kadri for Holding.
18:59 of 2nd period - Jamie Arniel wins face-off versus Joe Thornton in Coyotes zone.
19:10 of 2nd period - Slapshot by Pernell Karl Subban.
19:10 of 2nd period - Stopped by Thomas McCollum with a rebound.
19:32 of 2nd period - Slapshot by Ryan Suter.
19:32 of 2nd period - Shot Blocked by Josh Gorges.
Goals for this period are 0 for Capitals vs 1 for Coyotes.
Shots for this period are 2 for Capitals vs 12 for Coyotes.
3rd period
0:01 of 3rd period - Thomas Vanek wins face-off versus Jamie Arniel in neutral zone.
0:41 of 3rd period - Zach Parise is hit by Brent Burns and loses puck.
0:58 of 3rd period - Penalty to Nazem Kadri is over, Nazem Kadri is back on ice.
1:13 of 3rd period - Wrist shot by Thomas Hickey.
1:13 of 3rd period - Shot Misses the Net.
1:21 of 3rd period - Wrist shot by Nazem Kadri.
1:21 of 3rd period - Stopped by Mike Smith without a rebound.
1:22 of 3rd period - Nazem Kadri wins face-off versus Ryan Getzlaf in Capitals zone.
1:58 of 3rd period - Snap shot by Ryan Getzlaf.
1:58 of 3rd period - Stopped by Thomas McCollum with a rebound.
2:22 of 3rd period - Snap shot by Jason Pominville.
2:22 of 3rd period - Shot Blocked by Michael Del Zotto.
2:36 of 3rd period - Brian McGrattan is hit by Chris Stewart and loses puck.
4:51 of 3rd period - Jeff Skinner is hit by Zach Parise and loses puck.
5:06 of 3rd period - Snap shot by Joe Thornton.
5:06 of 3rd period - Shot Misses the Net.
5:39 of 3rd period - Icing by Nick Leddy.
5:40 of 3rd period - Brad Richards wins face-off versus Joe Thornton in Capitals zone.
5:41 of 3rd period - Snap shot by Zach Parise.
5:41 of 3rd period - Shot Blocked by Nick Leddy.
5:47 of 3rd period - Thomas Hickey is hit by Josh Manson and loses puck.
6:18 of 3rd period - Backhand shot by Brian McGrattan.
6:18 of 3rd period - Deflect By Mikko Koivu.
6:18 of 3rd period - Shot Blocked by Kristopher Letang.
6:18 of 3rd period - Puck is out of play.
6:19 of 3rd period - Mikko Koivu wins face-off versus Nazem Kadri in Coyotes zone.
6:24 of 3rd period - Slapshot by Pernell Karl Subban.
6:24 of 3rd period - Shot Blocked by Anton Stralman.
6:26 of 3rd period - Slapshot by Brent Burns.
6:26 of 3rd period - Stopped by Thomas McCollum with a rebound.
6:28 of 3rd period - Slapshot by Peter Worrell.
6:28 of 3rd period - Shot Blocked by Nazem Kadri.
6:30 of 3rd period - Slapshot by Pernell Karl Subban.
6:30 of 3rd period - Deflect By Brian McGrattan.
6:30 of 3rd period - Shot Misses the Net.
6:30 of 3rd period - Puck is out of play.
6:31 of 3rd period - Brad Richards wins face-off versus Joe Thornton in Coyotes zone.
6:40 of 3rd period - Snap shot by Brent Burns.
6:40 of 3rd period - Stopped by Thomas McCollum with a rebound.
6:42 of 3rd period - Snap shot by Joe Thornton.
6:42 of 3rd period - Shot Blocked by Chris Stewart.
6:44 of 3rd period - Wrist shot by Thomas Vanek.
6:44 of 3rd period - Shot Misses the Net.
6:46 of 3rd period - Snap shot by Pernell Karl Subban.
6:46 of 3rd period - Shot Misses the Net.
6:56 of 3rd period - Pernell Karl Subban is hit by Kristopher Letang and loses puck.
7:34 of 3rd period - Off-side.
7:35 of 3rd period - Joe Thornton wins face-off versus Brad Richards in neutral zone.
8:13 of 3rd period - Joe Thornton is hit by Jamie Arniel and loses puck.
8:26 of 3rd period - Snap shot by Brent Burns.
8:26 of 3rd period - Deflect By Joe Pavelski.
8:26 of 3rd period - Shot Misses the Net.
8:26 of 3rd period - Puck is out of play.
8:27 of 3rd period - Nazem Kadri wins face-off versus Ryan Getzlaf in Coyotes zone.
9:15 of 3rd period - Minor Penalty to Nick Leddy for Tripping.
9:16 of 3rd period - Brad Richards wins face-off versus Joe Thornton in Capitals zone.
9:54 of 3rd period - Thomas Vanek is hit by Brad Richards.
10:36 of 3rd period - Icing by Michael Del Zotto.
10:37 of 3rd period - Thomas Vanek wins face-off versus Nazem Kadri in Coyotes zone.
11:06 of 3rd period - Pernell Karl Subban is hit by Brad Richards and loses puck.
11:15 of 3rd period - Penalty to Nick Leddy is over, Nick Leddy is back on ice.
11:27 of 3rd period - Jason Pominville is hit by Matt Donovan and loses puck.
11:44 of 3rd period - Snap shot by Marian Gaborik.
11:44 of 3rd period - Stopped by Mike Smith with a rebound.
11:50 of 3rd period - Minor Penalty to Mikko Koivu for Holding.
11:51 of 3rd period - Joe Thornton wins face-off versus Nazem Kadri in Capitals zone.
12:26 of 3rd period - Backhand shot by Thomas Hickey.
12:26 of 3rd period - Stopped by Mike Smith without a rebound.
12:27 of 3rd period - Joe Thornton wins face-off versus Brad Richards in Capitals zone.
12:38 of 3rd period - Brent Burns is hit by Zach Parise and loses puck.
13:41 of 3rd period - Icing by Chris Stewart.
13:42 of 3rd period - Brad Richards wins face-off versus Brian McGrattan in Coyotes zone.
13:42 of 3rd period - Brad Richards is hit by Ryan Suter.
13:50 of 3rd period - Penalty to Mikko Koivu is over, Mikko Koivu is back on ice.
13:54 of 3rd period - Wrist shot by Jamie Arniel.
13:54 of 3rd period - Shot Blocked by Ryan Suter.
13:56 of 3rd period - Snap shot by Jamie Arniel.
13:56 of 3rd period - Stopped by Mike Smith with a rebound.
13:58 of 3rd period - Wrist shot by Evgeny Artyukhin.
13:58 of 3rd period - Goal by Evgeny Artyukhin - Capitals : 5 - Coyotes : 2.
13:59 of 3rd period - Joe Thornton wins face-off versus Nazem Kadri in neutral zone.
14:24 of 3rd period - Joe Pavelski is hit by Brad Richards and loses puck.
14:49 of 3rd period - Snap shot by Jamie Arniel.
14:49 of 3rd period - Shot Blocked by Brent Burns.
14:51 of 3rd period - Wrist shot by Evgeny Artyukhin.
14:51 of 3rd period - Shot Blocked by Pernell Karl Subban.
14:53 of 3rd period - Snap shot by Evgeny Artyukhin.
14:53 of 3rd period - Stopped by Mike Smith without a rebound.
14:54 of 3rd period - Nazem Kadri wins face-off versus Joe Thornton in Capitals zone.
15:09 of 3rd period - Slapshot by Justin Faulk.
15:09 of 3rd period - Deflect By Matt Donovan.
15:09 of 3rd period - Stopped by Thomas McCollum with a rebound.
15:45 of 3rd period - Slapshot by Matt Donovan.
15:45 of 3rd period - Shot Blocked by Peter Worrell.
15:47 of 3rd period - Slapshot by Thomas Hickey.
15:47 of 3rd period - Shot Misses the Net.
15:49 of 3rd period - Snap shot by Martin Samuelsson.
15:49 of 3rd period - Stopped by Mike Smith with a rebound.
15:59 of 3rd period - Anton Stralman is hit by Thomas Vanek and loses puck.
16:41 of 3rd period - Michael Del Zotto is hit by Justin Faulk and loses puck.
16:54 of 3rd period - Snap shot by Brian McGrattan.
16:54 of 3rd period - Stopped by Thomas McCollum with a rebound.
16:58 of 3rd period - Snap shot by Peter Worrell.
16:58 of 3rd period - Goal by Peter Worrell - Capitals : 6 - Coyotes : 2.
16:59 of 3rd period - Joe Thornton wins face-off versus Nazem Kadri in neutral zone.
17:05 of 3rd period - Icing by Anton Stralman.
17:06 of 3rd period - Marian Gaborik wins face-off versus Joe Thornton in Coyotes zone.
18:00 of 3rd period - Snap shot by Michael Del Zotto.
18:00 of 3rd period - Stopped by Mike Smith with a rebound.
18:02 of 3rd period - Snap shot by Evgeny Artyukhin.
18:02 of 3rd period - Stopped by Mike Smith without a rebound.
18:03 of 3rd period - Joe Thornton wins face-off versus Nazem Kadri in Capitals zone.
18:08 of 3rd period - Slapshot by Justin Faulk.
18:08 of 3rd period - Deflect By Thomas Vanek.
18:08 of 3rd period - Shot Blocked by Tyler Ennis.
18:08 of 3rd period - Puck is out of play.
18:09 of 3rd period - Thomas Vanek wins face-off versus Nazem Kadri in Coyotes zone.
18:40 of 3rd period - Slapshot by Justin Faulk.
18:40 of 3rd period - Stopped by Thomas McCollum with a rebound.
18:42 of 3rd period - Wrist shot by Ryan Suter.
18:42 of 3rd period - Shot Blocked by Michael Del Zotto.
18:52 of 3rd period - Snap shot by Ondrej Palat.
18:52 of 3rd period - Stopped by Thomas McCollum with a rebound.
19:14 of 3rd period - Snap shot by Mikko Koivu.
19:14 of 3rd period - Stopped by Thomas McCollum without a rebound.
19:15 of 3rd period - Nick Bonino wins face-off versus Mikko Koivu in Coyotes zone.
19:15 of 3rd period - Nick Bonino is hit by Brian McGrattan.
19:49 of 3rd period - Wrist shot by Mikko Koivu.
19:49 of 3rd period - Deflect By Brian McGrattan.
19:49 of 3rd period - Stopped by Thomas McCollum without a rebound.
19:50 of 3rd period - Brad Richards wins face-off versus Joe Thornton in Coyotes zone.
19:52 of 3rd period - Minor Penalty to Brad Richards for Cross-checking.
19:53 of 3rd period - Jamie Arniel wins face-off versus Thomas Vanek in Coyotes zone.
Goals for this period are 1 for Capitals vs 1 for Coyotes.
Shots for this period are 10 for Capitals vs 9 for Coyotes.
Back to the Top